 Dungeon Crawl Stone Soup version 0.29-a0-892-g2c4c91d9db (webtiles) character file.

Game seed: 16715431380407673591

145589 Turgor the Severer (level 16, -16/131 HPs)
             Began as a Demonspawn Gladiator on July 20, 2022.
             Was the Champion of Qazlal.
             Demolished by a nagaraja
             ... wielding a +0 halberd
              (40 damage)
             ... on level 4 of the Snake Pit on July 22, 2022.
             The game lasted 02:49:35 (27042 turns).

Turgor the Severer (Demonspawn Gladiator)          Turns: 27042, Time: 02:49:36

Health: -16/131    AC: 35    Str: 23    XL:     16   Next: 87%
Magic:  25/25      EV: 21    Int: 14    God:    Qazlal [******]
Gold:   1841       SH: 13    Dex: 22    Spells: 9/15 levels left

rFire   + . .      SeeInvis .   V - +10 great mace of Deny {protect, rPois rF+ Dex+4 Stlth-}
rCold   . . .      Faith    .   (shield currently unavailable)
rNeg    . . .      Spirit   .   M - +5 scale mail of the Fife {Dex+2}
rPois   +          Reflect  +   r - +1 helmet
rElec   .          Harm     .   F - +0 cloak
rCorr   .          Rampage  .   k - +1 pair of gloves
Will    +....                   h - +0 pair of boots
Stlth   ..........              t - amulet of reflection
HPRegen 0.31/turn               q - +4 ring of evasion
MPRegen 0.19/turn               l - +6 ring of strength

@: protected from physical damage, under a protective aura, repel missiles
A: hooves 2, spiny 2, sharp scales 3, demonic magic 2
a: Renounce Religion, Upheaval, Elemental Force, Disaster Area


You were on level 4 of the Snake Pit.
You worshipped Qazlal.
Qazlal was exalted by your worship.
You visited 4 branches of the dungeon, and saw 24 of its levels.
You visited 1 bazaar.
You also visited: Ice Cave and Volcano.

You collected 2681 gold pieces.
You spent 840 gold pieces at shops.

Inventory:

Hand Weapons
 b - a +6 vorpal broad axe
 g - a +3 hand crossbow of flaming
 V - the +10 great mace of Deny (weapon) {protect, rPois rF+ Dex+4 Stlth-}
   (You took it off a merfolk javelineer on level 2 of the Orcish Mines)

   It grants its wielder temporary protection when it strikes (+7 to AC).
   Dex:       It affects your dexterity (+4).
   rF:        It protects you from fire.
   rPois:     It protects you from poison.
   Stlth:     It makes you less stealthy.
 X - the +8 hand axe "Adghudets" {protect, rElec}
   (You found it on level 4 of the Snake Pit)

   It grants its wielder temporary protection when it strikes (+7 to AC).
   rElec:     It insulates you from electricity.
Missiles
 a - 9 curare-tipped darts (quivered)
 c - 9 poisoned darts
 d - 3 throwing nets
 y - 5 silver boomerangs
Armour
 h - a +0 pair of boots (worn)
 k - a +1 pair of gloves (worn)
 r - a +1 helmet (worn)
 A - a +1 kite shield of poison resistance
 F - a +0 cloak (worn)
 M - the +5 scale mail of the Fife (worn) {Dex+2}
   (You found it on level 7 of the Dungeon)

   Dex:       It affects your dexterity (+2).
 O - a +0 kite shield of cold resistance
Jewellery
 f - a ring of see invisible
 l - a +6 ring of strength (right hand)
 q - a +4 ring of evasion (left hand)
 t - an amulet of reflection (around neck)
 u - the ring of Kostowiu {Fly Dex+4}
   (You found it on level 5 of the Lair of Beasts)

   [ring of flight]

   Dex:       It affects your dexterity (+4).
   Fly:       It grants you flight.
Wands
 w - a wand of quicksilver (2)
 D - a wand of digging (7)
 I - a wand of paralysis (11)
 K - a wand of roots (13)
 Y - a wand of mindburst (8)
Scrolls
 p - 4 scrolls of butterflies
 z - 8 scrolls of poison
 B - 2 scrolls of amnesia
 C - 2 scrolls of magic mapping
 G - a scroll of fear
 H - a scroll of summoning {unknown}
 L - 2 scrolls of silence {unknown}
 N - a scroll of enchant armour
 Q - a scroll of vulnerability {unknown}
 S - 5 scrolls of teleportation
 U - a scroll of torment {unknown}
 Z - a scroll of blinking {unknown}
Potions
 i - 6 potions of curing
 j - 2 potions of magic
 m - a potion of haste
 n - 3 potions of resistance
 o - 2 potions of might
 s - 2 potions of berserk rage
 v - a potion of ambrosia
 x - 6 potions of flight
 E - 8 potions of brilliance
 J - 7 potions of invisibility
 P - 3 potions of heal wounds
 R - 2 potions of cancellation
Miscellaneous
 e - a phial of floods
 T - a box of beasts
 W - a phantom mirror


   Skills:
 + Level 13.5 Fighting
 - Level 16.9(17.2) Axes
 + Level 4.9(12.1) Maces & Flails
 + Level 1.5 Ranged Weapons
 - Level 6.0 Throwing
 + Level 12.2 Armour
 - Level 10.0 Dodging
 - Level 3.3 Shields
 + Level 12.2 Invocations
 + Level 5.4 Evocations


You had 9 spell levels left.
You knew the following spells:

 Your Spells              Type           Power      Damage    Failure   Level
a - Sting                 Tmut/Pois      0%         1d3       52%         1
b - Borgnjor's Vile Clut  Necr/Erth      0%         N/A       100%        5

Your spell library contained the following spells:

 Spells                   Type           Power      Damage    Failure   Level
 Summon Small Mammal      Summ           0%         N/A       52%         1
 Poisonous Vapours        Pois/Air       0%         N/A       65%         2
 Static Discharge         Conj/Air       0%         3-3/arc   65%         2
 Call Canine Familiar     Summ           0%         N/A       87%         3
 Dazzling Flash           Conj/Hex       0%         N/A       87%         3
 Gell's Gravitas          Tloc           0%         N/A       87%         3
 Lesser Beckoning         Tloc           0%         N/A       87%         3
 Ozocubu's Armour         Ice            0%         N/A       87%         3
 Summon Guardian Golem    Hex/Summ       0%         N/A       87%         3
 Teleport Other           Tloc           0%         N/A       87%         3
 Anguish                  Hex/Necr       0%         N/A       99%         4
 Corpse Rot               Necr/Pois/Air  0%         N/A       99%         4
 Dispel Undead            Necr           0%         3d6       99%         4
 Olgreb's Toxic Radiance  Pois           0%         N/A       99%         4
 Petrify                  Tmut/Erth      0%         N/A       99%         4
 Sticky Flame             Conj/Fire      0%         2d3       99%         4
 Summon Lightning Spire   Summ/Air       0%         N/A       99%         4
 Agony                    Necr           0%         N/A       100%        5
 Alistair's Intoxication  Tmut/Pois      0%         N/A       100%        5
 Metabolic Englaciation   Hex/Ice        0%         N/A       100%        5
 Silence                  Hex/Air        0%         N/A       100%        5
 Eringya's Noxious Bog    Tmut/Pois      0%         N/A       100%        6
 Simulacrum               Ice/Necr       0%         N/A       100%        6
 Statue Form              Tmut/Erth      0%         N/A       100%        6
 Enfeeble                 Hex            0%         N/A       100%        7
 Storm Form               Tmut/Air       0%         N/A       100%        7
 Maxwell's Capacitive Co  Air            0%         ∞         100%        8


Dungeon Overview and Level Annotations

Branches:
Dungeon (13/15)            Temple (0/1) D:7            Lair (5/5) D:10
 Shoals (0/4) Lair:2        Snake (4/4) Lair:3        Slime (0/5) Lair:4
    Orc (2/2) D:9             Elf (0/3) Orc:2         IceCv (visited)
Volcano (visited)
 Vaults: D:13-14

Altars:
Dithmenos
Fedhas
Gozag
Kikubaaqudgha
Makhleb
Okawaru
Qazlal
Sif Muna
Trog
Xom
Yredelemnul
Jiyva

Shops:
D:7 *   D:9 (   Orc:2 [*:[   Snake:3 (

Annotations:
D:6 2 runed translucent doors, Protee's ghost, novice TeAE
D:12 1 transporter
Snake:2 1 runed translucent door, nago's ghost, adept DsHu


Innate Abilities, Weirdness & Mutations

You have hoof-like feet.
You are mostly covered in sharp spines.
You are completely covered in razor-sharp scales. (AC +3, Slay +3)
Spells you cast may paralyse nearby enemies.


Message History

The nagaraja is engulfed in freezing vapours.
The nagaraja hits you from afar with a +0 halberd!
You feel more protected from physical attacks.
You block the anaconda's attack.
A salamander mystic comes into view. It is wielding a +0 dagger.
A naga warrior comes into view. It is wielding a +0 short sword.
The salamander mystic casts a spell at the anaconda.
The anaconda seems to speed up.
The nagaraja is engulfed in freezing vapours.
The nagaraja hits you but does no damage.
You hear a shout!
Unknown command.
You barely miss the salamander mystic.
The salamander mystic is severely wounded.
The anaconda bites you.
The naga warrior roars a battlecry!
The nagas go into a battle-frenzy!
You block the anaconda's attack.
The nagaraja is engulfed in freezing vapours.
The nagaraja hits you from afar with a +0 halberd!!
* * * LOW HITPOINT WARNING * * *
You feel more protected from physical attacks.
The salamander mystic is struck by your spines.
The salamander mystic hits you with a +0 quarterstaff.
* * * LOW HITPOINT WARNING * * *
You are engulfed in flames.
You resist.
* * * LOW HITPOINT WARNING * * *
Unknown command.
As you read the scroll of fear, it crumbles to dust.
You assume a fearsome visage.
The salamander mystic looks frightened!
The nagaraja resists with almost no effort.
The salamander mystic looks frightened!
The naga warrior easily resists.
The salamander mystic looks frightened!
The naga warrior looks frightened!
The naga mage resists with some effort.
The anaconda looks frightened!
The anaconda is struck by lightning.
The naga warrior misses you.
The nagaraja is engulfed in freezing vapours.
You block the nagaraja's attack. You block the naga warrior's attack.
The nagaraja is engulfed in freezing vapours.
The nagaraja hits you from afar with a +0 halberd!!!
You die...

#...# ##).# *,,,,**,,,,,,,,,,,,,
#...# #.#.# **,,,,*,,*,,,,,*,,,,
....# #...# *,,,,*,,,,,,,,,,,,,
....# ##..# ***,,*,,,,,,,,,,,,,
...## ##..# ****,,,,,,,,,,,,,
..## ##...####### ****,,,**,,,**
)## ###........○.# *,,,,***,,,,,
#####..........○°####...,,**,,,,,
................@NNN..N.,,,,,,,,,
................☼§N.....,,,,,,,,,
..............§.....N.##*,,,,,,,,
..[.###............S..# **,,,,**,
...## #..[#.##.#......# **,,,***
...# #.....##........# *,,,,**
...## *...##..##......#* **,,,,*
....# **..#*..*##......* **,,,,
....# ***,,**,,*,,,,,,** **,,,


You could see a nagaraja (fast, strong), a naga warrior (fast, strong), 3
salamander mystics, an anaconda (fast, fleeing, slow) and a naga mage (fast,
strong).

Vanquished Creatures
  A nagaraja (Snake:2)
  The ghost of Domino the Peltast, a journeyman MiBe of Trog (Orc:2)
  A reaper (IceCv)
  A minotaur (Orc:2)
  A merfolk javelineer (Orc:2)
  3 boulder beetles
  A salamander tyrant (Snake:4)
  3 hydras
  A catoblepas (Lair:5)
  13 anacondas
  16 death yaks
  3 two-headed ogres
  An alligator (Lair:1)
  A deep troll shaman (Lair:5)
  10 naga warriors
  3 orc high priests (Orc:2)
  6 shock serpents
  11 naga sharpshooters
  A deep elf knight (Orc:2)
  2 skeletal warriors (Volcano)
  4 sea snakes (Snake:2)
  3 naga ritualists
  A lindwurm (Lair:5)
  8 oklob plants
  5 orc knights
  3 manticores
  4 mana vipers
  5 orc sorcerers (Orc:2)
  2 anaconda skeletons (Volcano)
  2 cyclopes
  8 salamanders
  An ugly thing (D:11)
  14 elephants
  2 ice statues (IceCv)
  Maurice (D:9)
  29 black mambas
  Joseph (D:9)
  2 guardian serpents (Snake:2)
  5 centaur zombies (D:10)
  4 torpor snails
  2 merfolk sirens (Lair:2)
  10 cane toads
  2 naga magi
  6 gargoyles
  An unseen horror zombie (D:10)
  11 komodo dragons
  4 rime drakes
  An anaconda simulacrum (IceCv)
  An unseen horror (D:10)
  An efreet (D:13)
  6 ice devils (IceCv)
  7 trolls
  13 blink frogs
  4 hornets
  A merfolk (Lair:2)
  2 harpy skeletons (Volcano)
  11 dream sheep
  An alligator skeleton (Volcano)
  3 flying skulls (Volcano)
  4 shadows
  5 wraiths
  6 vampires
  5 wyverns
  3 basilisks (Lair:1)
  44 yaks
  4 vampire mosquitoes (D:12)
  4 steam dragons
  A harpy simulacrum (IceCv)
  2 wargs
  2 acid dragons
  42 nagas
  9 water moccasins
  A sky beast (D:7)
  5 black bears
  25 orc warriors
  A black bear (shapeshifter) (D:12)
  5 ogres
  31 wolves
  An ogre (shapeshifter) (D:12)
  5 centaurs
  2 phantoms
  3 kobold brigands
  A necrophage (D:5)
  A gnoll sergeant (D:9)
  14 bullfrogs
  2 two-headed ogre simulacra (D:13)
  3 cane toad simulacra
  20 killer bees
  2 spriggan skeletons (Volcano)
  3 electric eels
  A troll skeleton (Volcano)
  2 howler monkeys (D:9)
  2 jellies
  A lava snake (D:9)
  5 hounds
  17 orc priests
  Crazy Yiuf (D:6)
  A gnoll bouda (D:5)
  2 iguanas
  Natasha (D:3)
  19 orc wizards
  11 hell rats (Lair:5)
  3 polar bear simulacra (IceCv)
  4 spriggan simulacra
  7 troll simulacra
  2 wolf simulacra (IceCv)
  3 naga skeletons (Volcano)
  8 adders
  20 gnolls
  3 naga simulacra
  4 white imps
  2 ufetubi
  12 dart slugs
  59 orcs
  6 bats
  3 endoplasms
  4 giant cockroaches
  4 goblins
  6 hobgoblins
  12 jackals
  4 quokkas
  10 ball pythons
  3 frilled lizards
  23 kobolds
  4 rats (D:1)
796 creatures vanquished.

Vanquished Creatures (collateral kills)
  A merfolk javelineer (Orc:2)
  2 hydras (Lair:4)
  2 anacondas (Snake:1)
  A centaur warrior (Orc:2)
  A tengu warrior (Orc:2)
  A shock serpent (Snake:2)
  Urug (Lair:4)
  2 naga sharpshooters (Snake:2)
  An orc knight (Orc:2)
  A mana viper (Snake:2)
  3 salamanders
  An elephant (Lair:4)
  2 naga magi (Snake:2)
  2 black mambas
  A merfolk siren (Lair:2)
  2 dream sheep (Lair:5)
  6 yaks
  Grum (Lair:1)
  9 nagas
  An orc warrior (Orc:2)
  2 wolves (Lair:1)
  An orc priest (Orc:2)
  An orc wizard (Orc:2)
  3 orcs (Orc:2)
48 creatures vanquished.

Vanquished Creatures (others)
  A wizard (D:6)
  A manticore (D:13)
  An orc wizard (Orc:2)
  36 fungi
  93 plants
  A withered plant (D:10)
133 creatures vanquished.

Grand Total: 977 creatures vanquished

Notes
Turn   | Place    | Note
-------+----------+-------------------------------------------
     0 | D:1      | Turgor the Demonspawn Gladiator began the quest for the
                  | Orb.
     0 | D:1      | Reached XP level 1. HP: 16/16 MP: 1/1
   570 | D:1      | Gained mutation: Spells you cast may paralyse adjacent
                  | enemies. [demonic ancestry]
   570 | D:1      | Reached XP level 2. HP: 22/22 MP: 2/2
   572 | D:1      | Reached skill level 3 in Axes
   720 | D:1      | Learned a level 1 spell: Sting
  1040 | D:1      | Found a faded altar of an unknown god.
  1076 | D:1      | Prayed at the altar of an unknown god.
  1076 | D:1      | Became a worshipper of Qazlal Stormbringer
  1076 | D:1      | Reached * piety under Qazlal
  1113 | D:1      | Gained mutation: You are partially covered in razor-sharp
                  | scales. (AC +1, Slay +1) [demonic ancestry]
  1113 | D:1      | Reached XP level 3. HP: 27/27 MP: 3/3
  1714 | D:2      | Reached skill level 1 in Armour
  2026 | D:2      | Reached XP level 4. HP: 28/34 MP: 4/4
  2393 | D:3      | Noticed Natasha
  2482 | D:3      | Found an ancient bone altar of Kikubaaqudgha.
  3152 | D:3      | Reached XP level 5. HP: 39/39 MP: 5/5
  3153 | D:3      | Reached ** piety under Qazlal
  3277 | D:3      | Reached skill level 4 in Axes
  3817 | D:3      | Killed Natasha
  3818 | D:3      | Gained mutation: You have large cloven feet. [demonic
                  | ancestry]
  3818 | D:3      | Reached XP level 6. HP: 47/47 MP: 6/6
  4335 | D:5      | Entered Level 5 of the Dungeon
  4492 | D:5      | Gained mutation: Spells you cast may paralyse nearby
                  | enemies. [demonic ancestry]
  4492 | D:5      | Reached XP level 7. HP: 50/52 MP: 7/7
  4639 | D:5      | Reached *** piety under Qazlal
  4644 | D:5      | Reached skill level 5 in Axes
  4989 | D:5      | Found a burning altar of Makhleb.
  5027 | D:5      | Found a basalt altar of Yredelemnul.
  5036 | D:5      | Found a shadowy altar of Dithmenos.
  5422 | D:6      | Found a runed translucent door.
  5423 | D:6      | Noticed Crazy Yiuf
  5428 | D:6      | Killed Crazy Yiuf
  5547 | D:6      | Found a bloodstained altar of Trog.
  5548 | D:6      | Noticed a wizard
  5553 | D:6      | Killed a wizard
  5591 | D:6      | Found a runed translucent door.
  5591 | D:6      | Noticed Protee's ghost (novice TeAE)
  5623 | D:6      | Gained mutation: You are mostly covered in razor-sharp
                  | scales. (AC +2, Slay +2) [demonic ancestry]
  5623 | D:6      | Reached XP level 8. HP: 43/60 MP: 8/8
  5785 | D:6      | Found a runed translucent door.
  5916 | D:7      | Found Mysuph's Lightly-Used Armoury.
  5923 | D:7      | Reached skill level 6 in Axes
  6322 | D:7      | Reached skill level 5 in Fighting
  6322 | D:7      | Reached skill level 5 in Dodging
  6339 | D:7      | Reached **** piety under Qazlal
  6341 | D:7      | Reached skill level 7 in Axes
  6556 | D:6      | Upgraded the game from 0.29-a0-885-gb26ba3297d to
                  | 0.29-a0-892-g2c4c91d9db
  6637 | D:7      | Identified the +5 scale mail of the Fife {Dex+2}
  6671 | D:7      | Noticed a hornet
  6680 | D:7      | Paralysed by a hornet for 1 turns
  6685 | D:7      | Killed a hornet
  6686 | D:7      | Reached skill level 1 in Invocations
  6686 | D:7      | Gained mutation: You are partially covered in sharp spines.
                  | [demonic ancestry]
  6686 | D:7      | Reached XP level 9. HP: 50/68 MP: 9/9
  6782 | D:7      | Found a shimmering blue altar of Sif Muna.
  6907 | D:7      | Found a staircase to the Ecumenical Temple.
  7240 | D:8      | Noticed a two-headed ogre
  7252 | D:8      | Killed a two-headed ogre
  7715 | D:8      | Reached skill level 5 in Armour
  7719 | D:8      | Reached skill level 8 in Axes
  7911 | D:9      | Noticed a troll
  7921 | D:9      | Killed a troll
  7946 | D:9      | Noticed a troll
  7954 | D:9      | Killed a troll
  8064 | D:9      | Gained mutation: You are completely covered in razor-sharp
                  | scales. (AC +3, Slay +3) [demonic ancestry]
  8064 | D:9      | Reached XP level 10. HP: 36/77 MP: 13/13
  8285 | D:9      | Found Ocsik's Weapon Emporium.
  8328 | D:9      | Reached skill level 5 in Invocations
  8335 | D:9      | Reached skill level 9 in Axes
  8564 | D:9      | Noticed Maurice
  8578 | D:9      | Killed Maurice
  8660 | D:9      | Noticed Joseph
  8668 | D:9      | Killed Joseph
  8822 | D:9      | Found a staircase to the Orcish Mines.
  9026 | D:10     | Entered Level 10 of the Dungeon
  9045 | D:9      | Reached skill level 10 in Axes
  9255 | D:10     | Gained mutation: You have hoof-like feet. [demonic
                  | ancestry]
  9255 | D:10     | Reached XP level 11. HP: 74/85 MP: 15/15
  9399 | D:10     | Noticed a two-headed ogre
  9406 | D:10     | Found a staircase to the Lair.
  9458 | D:10     | Killed a two-headed ogre
 10002 | D:10     | Found an opulent altar of Gozag.
 10142 | D:10     | Learned a level 5 spell: Borgnjor's Vile Clutch
 10232 | D:10     | Reached skill level 11 in Axes
 10243 | D:10     | Reached ***** piety under Qazlal
 10536 | D:11     | Noticed a two-headed ogre
 10544 | D:11     | Killed a two-headed ogre
 10691 | D:11     | Found a flickering gateway to a bazaar.
 10704 | Bazaar   | Entered a bazaar
 10708 | Bazaar   | Found Hakan's Jewellery Boutique.
 10727 | Bazaar   | Found Bithruvebb's Antique Armour Emporium.
 10744 | Bazaar   | Found Fympycry's Book Boutique.
 10761 | Bazaar   | Found Nabbeife's Jewellery Shoppe.
 10829 | Bazaar   | Bought an ichor-stained chain mail for 171 gold pieces
 10829 | Bazaar   | Identified the +0 chain mail of Levity {Will+ Dex+3} (You
                  | bought it in a shop in a bazaar)
 10829 | Bazaar   | Bought a pair of runed gloves for 135 gold pieces
 10870 | Bazaar   | Bought an amulet of reflection for 330 gold pieces
 10959 | D:11     | Noticed a cyan ugly thing
 10972 | D:11     | Killed a cyan ugly thing
 10981 | D:11     | Noticed a seven-headed hydra
 11023 | D:11     | Killed a ten-headed hydra
 11165 | D:11     | Noticed a seven-headed hydra
 11188 | D:11     | HP: 4/87 [16-headed hydra (3)]
 11189 | D:11     | Killed a 16-headed hydra
 11210 | D:11     | Noticed a boulder beetle
 11226 | D:11     | Killed a boulder beetle
 11227 | D:11     | Reached XP level 12. HP: 14/94 MP: 15/17
 12127 | D:12     | Found a transporter.
 12874 | D:13     | Found a frozen archway.
 12898 | IceCv    | Entered an ice cave
 12918 | IceCv    | Reached skill level 12 in Axes
 13012 | IceCv    | Noticed a reaper
 13038 | IceCv    | Killed a reaper
 13536 | D:13     | Noticed a boulder beetle
 13553 | D:12     | Killed a boulder beetle
 13599 | Lair:1   | Entered Level 1 of the Lair of Beasts
 13690 | Lair:1   | Reached skill level 5 in Throwing
 13787 | Lair:1   | Noticed Grum
 13794 | Lair:1   | Killed Grum
 13862 | Lair:1   | Noticed a seven-headed hydra
 13873 | Lair:1   | Killed a seven-headed hydra
 13877 | Lair:1   | Reached XP level 13. HP: 42/102 MP: 19/19
 14696 | Lair:1   | Reached skill level 10 in Fighting
 14710 | Lair:1   | Reached skill level 13 in Axes
 15695 | Lair:2   | Reached ****** piety under Qazlal
 16033 | Lair:2   | Found a staircase to the Shoals.
 16859 | Lair:3   | Found a staircase to the Snake Pit.
 16947 | Lair:3   | Reached XP level 14. HP: 88/111 MP: 20/20
 17603 | Lair:4   | Reached skill level 14 in Axes
 18095 | Lair:4   | Found a viscous altar of Jiyva.
 18096 | Lair:4   | Found a staircase to the Slime Pits.
 18195 | Lair:4   | Noticed Urug
 18200 | Lair:4   | Killed Urug
 18871 | Lair:5   | Entered Level 5 of the Lair of Beasts
 18915 | Lair:5   | Reached skill level 10 in Dodging
 18930 | Lair:5   | Found a blossoming altar of Fedhas.
 19009 | Lair:5   | Reached skill level 10 in Armour
 19014 | Lair:5   | Reached skill level 10 in Invocations
 19074 | Lair:5   | Reached skill level 15 in Axes
 19259 | Lair:5   | Found a dark tunnel.
 19272 | Volcano  | Entered a volcano
 20077 | Lair:5   | Gained mutation: You are mostly covered in sharp spines.
                  | [demonic ancestry]
 20077 | Lair:5   | Reached XP level 15. HP: 117/120 MP: 22/22
 20151 | Lair:5   | Reached skill level 1 in Shields
 20172 | Lair:5   | Found the +12 glaive of Prune {vorpal}
 20198 | Lair:5   | Identified the ring of Kostowiu {Fly Dex+4}
 20795 | Orc:1    | Entered Level 1 of the Orcish Mines
 21457 | Orc:2    | Entered Level 2 of the Orcish Mines
 21932 | Orc:2    | Found Qemefeum's Armour Emporium.
 21932 | Orc:2    | Found Jiudineu's General Store.
 21934 | Orc:2    | Found Quinujav's Book Emporium.
 21934 | Orc:2    | Found Teaseq's Armour Shop.
 21945 | Orc:2    | Bought a scroll of teleportation for 39 gold pieces
 21945 | Orc:2    | Bought a scroll of magic mapping for 97 gold pieces
 21977 | Orc:2    | Found a staircase to the Elven Halls.
 22233 | Orc:2    | Found a runed translucent gate.
 22233 | Orc:2    | Found a runed translucent gate.
 22233 | Orc:2    | Found a runed translucent gate.
 22234 | Orc:2    | Identified the +10 great mace of Deny {protect, rPois rF+
                  | Dex+4 Stlth-}
 22234 | Orc:2    | Noticed Domino's ghost (journeyman MiBe)
 22239 | Orc:2    | Found an iron altar of Okawaru.
 22271 | Orc:2    | Killed Domino's ghost
 22276 | Orc:2    | Reached skill level 16 in Axes
 22716 | Snake:1  | Entered Level 1 of the Snake Pit
 22744 | Snake:1  | Reached skill level 1 in Evocations
 22751 | Snake:1  | Reached skill level 1 in Maces & Flails
 23566 | Snake:2  | Noticed nago's ghost (adept DsHu)
 23566 | Snake:2  | Found a runed translucent door.
 23566 | Snake:2  | Found a shimmering altar of Xom.
 23588 | Snake:2  | Reached XP level 16. HP: 106/129 MP: 24/24
 24922 | Snake:3  | Found Taiss's Weapon Boutique.
 24948 | Snake:3  | Bought 6 curare-tipped darts for 68 gold pieces
 25826 | Snake:3  | Reached skill level 5 in Evocations
 26321 | Snake:4  | Entered Level 4 of the Snake Pit
 26730 | Snake:4  | Identified the +8 hand axe "Adghudets" {protect, rElec}
 26807 | Snake:4  | Reached skill level 1 in Ranged Weapons
 27042 | Snake:4  | Demolished by a nagaraja

Illustrated notes

Levels and vault maps discovered:
D:1:      dpeg_arrival_leaves_temple_mockup, layout_basic,
          shapermc_ecumenical_altar_starsandcircs
D:2:      layout_loops_ring, chequers_serial_rivers_large_a, grunt_ministairs_2
D:3:      layout_basic, mainiacjoe_overflow_brackets, uniq_natasha
D:4:      layout_gridville, hangedman_decor_diamond_cutter, kennysheep_boxes
D:5:      kennysheep_slugbush, layout_cave_pools,
          gammafunk_temple_overflow_statue, amethyst_overflow_temple_binary,
          minivault_25
D:6:      layout_rooms, trog_wizard, ebering_ghost_sewer_f,
          uniq_crazy_yiuf_cottage
D:7:      layout_rooms, led_sif_book, minmay_temple_entry_mini_moons,
          st_stairs_14, minmay_shop_damaged
D:8:      layout_loops_ring
D:9:      layout_grid_maze, david_orc_3, serial_shops, nicolae_shop_statue_plus,
          minivault_11, nicolae_lava_and_water, minmay_misc_feat_enclosed,
          uniq_maurice, uniq_joseph
D:10:     layout_big_octagon, grunt_gozag_statues, dpeg_oklobed_lair,
          serial_undead, serial_undead_d, serial_undead_f, serial_undead_a,
          serial_undead_b
D:11:     layout_gridville, serial_shops, freezing_bzr, serial_glass,
          glass_columns_b, glass_columns_a
D:12:     layout_gridville, nicolae_diode_basic
D:13:     layout_cave_pools, erik_vaults_2, portal_ice_cave_entry_ice_simulacra
Lair:1:   minmay_lair_oklob_tunnel, layout_regular_city,
          nicolae_lair_lakeside_cave, uniq_grum
Lair:2:   layout_chaotic_city, elwin_shoals_entry_stream, serial_bayou_pond_a,
          infiniplex_staircase_pool
Lair:3:   layout_regular_city, minmay_snake_entry_guardpost_small
Lair:4:   layout_regular_city, minmay_slime_entry_oklob_open, lemuel_fruit_tree,
          lemuel_fruit_fields, uniq_urug
Lair:5:   grunt_lair_end_beastmaster, layout_gridlike,
          nicolae_volcano_entry_s_turn, tgw_fedhas
Snake:1:  layout_misc_corridors, nicolae_triple_integral
Snake:2:  layout_onion_interference, ebering_ghost_xom, grunt_ministairs_10,
          serial_bayou_shore_a
Snake:3:  layout_honeycomb, serial_shops, nicolae_lakefront_shop,
          nicolae_snake_gridmaze_zigzag
Snake:4:  snake_pit, layout_onion, st_stairs_7
Orc:1:    layout_caves, basic_altar
Orc:2:    grunt_orc_tribal_feast, layout_caves, gammafunk_ghost_fury_of_okawaru,
          hangedman_feature_mirror

Skill      XL: |  1  2  3  4  5  6  7  8  9 10 11 12 13 14 15 16 |
---------------+-------------------------------------------------+-----
Axes           | 3 4 5 7 8 10 11 12 13 15 16 | 16.9
Throwing       | 2 3 5 6 |  6.0
Armour         | 1 2 3 4 5 6 7 8 9 10 11 12 | 12.2
Dodging        | 3 4 5 6 7 8 9 10 | 10.0
Fighting       | 3 4 5 6 7 8 9 10 11 12 13 | 13.5
Invocations    | 1 4 6 8 9 10 11 12 | 12.2
Shields        | 3 |  3.3
Evocations     | 2 5 |  5.4
Maces & Flails | 2 4 |  4.9
Ranged Weapons | 1 |  1.5

Action                   |  1- 3 |  4- 6 |  7- 9 | 10-12 | 13-15 | 16-18 || total
-------------------------+-------+-------+-------+-------+-------+-------++-------
Melee: War axe           |   108 |   168 |   288 |   292 |       |       ||   856
       Punch             |       |     2 |     3 |       |     3 |       ||     8
       Kick              |       |    17 |    81 |   183 |   364 |       ||   645
       Battleaxe         |       |       |       |   143 |   359 |       ||   502
       Scimitar          |       |       |       |     2 |       |       ||     2
       Broad axe         |       |       |       |       |   461 |       ||   461
       Great mace        |       |       |       |       |    82 |   277 ||   359
Throw: Throwing net      |       |     2 |       |     1 |       |       ||     3
       Dart              |       |       |    12 |    21 |     5 |       ||    38
       Javelin           |       |       |       |     1 |       |       ||     1
Invok: Upheaval          |       |       |       |     1 |       |       ||     1
       Elemental Force   |       |       |       |     3 |    11 |     4 ||    18
Evoke: Wand              |       |       |       |    16 |       |       ||    16
       Box of beasts     |       |       |       |     2 |     2 |       ||     4
  Use: Scroll            |       |     8 |     1 |     6 |    11 |     4 ||    30
       Potion            |       |       |     1 |     2 |       |       ||     3
 Stab: Paralysed         |       |       |       |     2 |     5 |     5 ||    12
       Distracted        |       |       |       |       |     1 |       ||     1
       Petrified         |       |       |       |       |     3 |       ||     3
Armor: Leather armour    |    35 |    12 |       |       |       |       ||    47
       Chain mail        |       |    43 |   118 |       |       |       ||   161
       Scale mail        |       |       |    25 |   184 |   166 |    92 ||   467
Dodge: Dodged            |    63 |   124 |   224 |   389 |   388 |   159 ||  1347
       Repelled          |       |       |     1 |     6 |    13 |    18 ||    38
Block: Other             |     2 |    20 |    65 |   196 |   354 |   179 ||   816
       Reflection        |       |       |       |     2 |    36 |    31 ||    69
       Buckler           |       |       |       |       |   167 |       ||   167

Table legend: (Time is in decaauts)
 A = Elapsed time spent in this place.
 B = Non-inter-level travel time spent in this place.
 C = Inter-level travel time spent in this place.
 D = Time resting spent in this place.
 E = Time spent auto-exploring this place.
 F = Levels seen in this place.
 G = Mean time per level.
                   A        B        C        D        E       F      G
               +--------+--------+--------+--------+--------+-----+--------+
         Total |  27263 |  25832 |   1431 |   3186 |  15673 |  27 | 1009.7 |
       Dungeon |  13110 |  12289 |    821 |   1380 |   8338 |  13 | 1008.5 |
          Lair |   6746 |   6351 |    395 |    845 |   3791 |   5 | 1349.2 |
     Snake Pit |   4384 |   4238 |    146 |    685 |   2261 |   4 | 1096.0 |
  Orcish Mines |   1709 |   1641 |     68 |      0 |   1278 |   2 |  854.5 |
        Bazaar |    195 |    195 |      0 |      0 |      0 |   1 |  195.0 |
      Ice Cave |    601 |    601 |      0 |    177 |      5 |   1 |  601.0 |
       Volcano |    516 |    516 |      0 |     99 |      0 |   1 |  516.0 |
               +--------+--------+--------+--------+--------+-----+--------+

Top non-repeatable levels by time:
  Lair:1: 2155 daAuts
     D:1: 1518 daAuts
 Snake:3: 1485 daAuts
     D:9: 1427 daAuts
     D:3: 1394 daAuts
    D:11: 1365 daAuts
    D:10: 1357 daAuts
  Lair:5: 1249 daAuts
  Lair:4: 1211 daAuts
 Snake:1: 1197 daAuts
     D:6: 1077 daAuts
  Lair:3: 1076 daAuts
     D:2: 1060 daAuts
  Lair:2: 1053 daAuts
 Snake:2: 1048 daAuts
